 Dungeon Crawl Stone Soup version 0.30-a0-743-gbfdf073431 (webtiles) character file.

Game seed: 12326658831747204694

420 jimonade the Sneak (level 7, -3/49 HPs)
             Began as a Djinni Brigand on Feb 5, 2023.
             Slain by a killer bee (7 damage)
             ... on level 4 of the Dungeon.
             The game lasted 00:09:09 (4085 turns).

jimonade the Sneak (Djinni Brigand)                 Turns: 4085, Time: 00:09:10

Health: -3/49      AC:  7    Str: 12    XL:     7   Next: 16%
Gold:   233        EV: 10    Int: 13    God:
                   SH:  4    Dex: 14

rFire   + + .      SeeInvis .    a - +2 dagger
rCold   x . .      Faith    .    k - +0 buckler
rNeg    . . .      Spirit   .    s - +0 ring mail
rPois   ∞          Reflect  .    q - +0 helmet
rElec   .          Harm     .    c - +0 cloak
rCorr   +          Rampage  .    (no gloves)
Will    +....                    (boots unavailable)
Stlth   ++                       (no amulet)
HPRegen 0.28/turn                h - ring of willpower
MPRegen 0.00/turn                v - ring of resist corrosion

@: flying
A: sickness immunity, fire resistance 2, cold vulnerability 1, float, innate
caster, HP casting, extra vitality 1
a: no special abilities


You were on level 4 of the Dungeon.
You visited 1 branch of the dungeon, and saw 5 of its levels.

You collected 233 gold pieces.

Inventory:

Hand Weapons
 a - a +2 dagger (weapon)
 b - a +0 sling
 D - a +2 whip of freezing
Missiles
 d - 13 poisoned darts (quivered)
 e - a curare-tipped dart
 j - 4 silver boomerangs
Armour
 c - a +0 cloak (worn)
 g - a +0 robe
 k - a +0 buckler (worn)
 q - a +0 helmet (worn)
 s - a +0 ring mail (worn)
 E - a +0 chain mail
 G - a +0 leather armour
Jewellery
 h - a ring of willpower (left hand)
 v - a ring of resist corrosion (right hand)
Wands
 o - a wand of flame (57)
 H - a wand of charming (2)
Scrolls
 f - a scroll of immolation {unknown}
 i - a scroll of noise {unknown}
 l - a scroll of enchant weapon {unknown}
 n - 3 scrolls of identify {unknown}
 u - 2 scrolls of teleportation {unknown}
 y - a scroll of silence {unknown}
 B - a scroll of blinking {unknown}
 F - a scroll of amnesia {unknown}
Potions
 m - 2 potions of brilliance {unknown}
 p - 2 potions of curing
 r - 2 potions of degeneration {unknown}
 t - a potion of heal wounds {unknown}
 w - a potion of might {unknown}
 x - 3 potions of attraction {unknown}
 z - a potion of haste {unknown}
 A - a potion of lignification {unknown}
 C - a potion of resistance


   Skills:
 + Level 2.7 Fighting
 * Level 4.2 Short Blades
 - Level 1.5 Throwing
 + Level 2.2 Armour
 + Level 2.6 Dodging
 + Level 4.4 Stealth
 + Level 1.2 Shields


You couldn't memorise any spells.
You knew the following spells:

 Your Spells              Type           Power      Damage    Failure   Level
a - Magic Dart            Conj           0%         1d3       67%         1
b - Momentum Strike       Conj/Tloc      0%         3d8       80%         2
c - Frozen Ramparts       Ice            0%         1d1       95%         3
Your spell library was empty.

Dungeon Overview and Level Annotations

Branches:
Dungeon (5/15)
 Temple: D:4-7

Altars:
Cheibriados
Uskayaw
Xom

Annotations:
D:4 3 runed translucent doors, GiantSquids's ghost, amateur BaHu


Innate Abilities, Weirdness & Mutations

You are immune to sickness and miasma.
You are immune to poison.
Your flesh is very heat resistant. (rF++)
You are vulnerable to cold. (rC-)
You float through the air rather than walking.
You learn spells naturally, not from books.
Your magical power is your life essence.
You have superior vitality. (+4 MHP)


Message History

The killer bee barely misses you. The killer bee stings you!
You hit the killer bee.
The killer bee is lightly wounded.
The killer bee stings you but does no damage. x2
You closely miss the killer bee.
The killer bee is lightly wounded.
The killer bee stings you but does no damage.
You barely miss the killer bee.
The killer bee is lightly wounded.
You block the killer bee's attack. The killer bee completely misses you.
You miss the killer bee.
The killer bee is lightly wounded.
The killer bee stings you. The killer bee barely misses you.
You miss the killer bee.
The killer bee is lightly wounded.
The killer bee stings you. The killer bee stings you!
You are too injured to fight recklessly!
You miss the killer bee.
The killer bee is lightly wounded.
The killer bee stings you.
You miss the killer bee.
The killer bee is lightly wounded.
The killer bee barely misses you. The killer bee stings you.
You hit the killer bee.
The killer bee is moderately wounded.
The killer bee closely misses you. The killer bee stings you.
You closely miss the killer bee.
The killer bee is moderately wounded.
The killer bee stings you.
* * * LOW HITPOINT WARNING * * *
You hit the killer bee.
The killer bee is moderately wounded.
The killer bee stings you!
* * * LOW HITPOINT WARNING * * *
The killer bee closely misses you.
You hit the killer bee.
The killer bee is moderately wounded.
The killer bee stings you but does no damage.
The killer bee stings you!
You die...

############ #.# #.# ......#
#.###.# #####.## #.##..#
#####..## ##.##.########
........########............#
#####.........##.......####.#
#.#######.##.###.#.# #.# ##
#.# #.##y# #.#.# #.# .# #.##
#.##@# #.#.# #.# #####..#
#.##.###>#.# #.# #...##.#
#.##.##....# #.# ..#..#.#
#.##.##...### #.# #..#...#
#...........# #.# .#..####
#..8.8.8....# #.# #...#
#....(......###.# #####
##.........##.##.# ..#
#..#.......###...#


You could see a killer bee.

Vanquished Creatures
  Sigmund (D:4)
  A phantom (D:4)
  A hound (D:4)
  An iguana (D:3)
  4 adders
  An ufetubus (D:4)
  2 dart slugs
  2 orcs (D:3)
  3 endoplasms
  3 giant cockroaches
  8 goblins
  8 hobgoblins
  11 jackals
  3 quokkas
  8 ball pythons
  2 bats
  2 frilled lizards
  5 kobolds
  4 rats
70 creatures vanquished.

Notes
Turn   | Place    | Note
-------+----------+-------------------------------------------
     0 | D:1      | jimonade the Djinni Brigand began the quest for the Orb.
     0 | D:1      | Reached XP level 1. HP: 18/18 MP: 0/0
   264 | D:1      | Reached XP level 2. HP: 17/23 MP: 0/0
   463 | D:1      | Found a faded altar of an unknown god.
   484 | D:1      | Reached XP level 3. HP: 28/28 MP: 0/0
   484 | D:1      | Learned a level 1 spell: Magic Dart
  1433 | D:2      | Reached XP level 4. HP: 28/33 MP: 0/0
  1901 | D:3      | Found a snail-covered altar of Cheibriados.
  2923 | D:4      | Reached skill level 1 in Armour
  2923 | D:4      | Reached XP level 5. HP: 38/38 MP: 0/0
  2923 | D:4      | Learned a level 2 spell: Momentum Strike
  3050 | D:4      | Found a hide-covered altar of Uskayaw.
  3053 | D:4      | Noticed Sigmund
  3188 | D:4      | Found a runed translucent gate.
  3188 | D:4      | Found a runed translucent gate.
  3189 | D:4      | Found a runed translucent gate.
  3190 | D:4      | Noticed GiantSquids's ghost (amateur BaHu)
  3344 | D:4      | Killed Sigmund
  3345 | D:4      | Reached skill level 1 in Shields
  3345 | D:4      | Reached XP level 6. HP: 38/45 MP: 0/0
  3485 | D:4      | Found a shimmering altar of Xom.
  3580 | D:4      | Reached XP level 7. HP: 39/49 MP: 0/0
  3580 | D:4      | Learned a level 3 spell: Frozen Ramparts
  4063 | D:5      | Entered Level 5 of the Dungeon
  4085 | D:4      | Slain by a killer bee

Illustrated notes

Levels and vault maps discovered:
D:1:      tarquinn_simple_flora_water_f, layout_loops_ring,
          chequers_ecumenical_altar_twisty
D:2:      layout_basic
D:3:      layout_basic, mainiacjoe_overflow_brackets,
          chequers_serial_rivers_small_3, kennysheep_nub, minivault_5,
          minmay_misc_feat_four_crosses, kennysheep_generic_room_10
D:4:      layout_loops_ring, marbit_many_paths, nicolae_overflow_hidden_temple,
          general_overflow_altar, eat_drink_and_be_merry_uskayaw,
          gammafunk_ghost_necromancy, uniq_sigmund
D:5:      layout_cave_pods, ashenzari_conservatory_becter

Skill      XL: |  1  2  3  4  5 |
---------------+----------------+-----
Short Blades   | 2 4 |  4.2
Stealth        | 4 |  4.4
Dodging        | 2 |  2.6
Armour         | 1 2 |  2.2
Shields        | 1 |  1.2
Fighting       | |  2.7
Throwing       | |  1.5

Action                     |  1- 3 |  4- 6 |  7- 9 || total
---------------------------+-------+-------+-------++-------
  Melee: Dagger            |    97 |   209 |    18 ||   324
   Fire: Sling             |     1 |       |       ||     1
  Throw: Dart              |       |    18 |       ||    18
   Stab: Sleeping          |     8 |     4 |       ||    12
 Armour: Robe              |    14 |       |       ||    14
         Ring mail         |    10 |    77 |     4 ||    91
  Dodge: Dodged            |    41 |   109 |    12 ||   162
  Block: Buckler           |     4 |    31 |     5 ||    40

Table legend: (Time is in decaauts)
 A = Elapsed time spent in this place.
 B = Non-inter-level travel time spent in this place.
 C = Inter-level travel time spent in this place.
 D = Time resting spent in this place.
 E = Time spent auto-exploring this place.
 F = Levels seen in this place.
 G = Mean time per level.
                   A        B        C        D        E       F      G
               +--------+--------+--------+--------+--------+-----+--------+
         Total |   4051 |   3919 |    132 |      0 |   3019 |   5 |  810.2 |
       Dungeon |   4051 |   3919 |    132 |      0 |   3019 |   5 |  810.2 |
               +--------+--------+--------+--------+--------+-----+--------+

Top non-repeatable levels by time:
     D:4: 1240 daAuts
     D:3: 1106 daAuts
     D:2: 940 daAuts
     D:1: 761 daAuts
     D:5: 3 daAuts
